 Dungeon Crawl Stone Soup version 0.31-a0-1626-g5cb510d322 (webtiles) character file.

Game seed: 13247566583827653983

95 CraigForest the Changeling (level 4, -1/28 HPs)
             Began as an Octopode Shapeshifter on Jan 13, 2024.
             Slain by Edmund
             ... wielding a +0 flail of holy wrath
              (13 damage)
             ... on level 4 of the Dungeon.
             The game lasted 00:05:12 (2208 turns).

CraigForest the Changeling (Octopode Shapeshifter)  Turns: 2208, Time: 00:05:12

Health: -1/28      AC:  1    Str: 15    XL:     4   Next: 66%
Magic:  4/4        EV: 13    Int: 12    God:
Gold:   142        SH:  0    Dex: 11    Spells: 3/3 levels left

rFire   . .          .
                       - Unarmed
rCold   . . .        (no shield)
rNeg    . . .        (helmet currently unavailable)
rPois   .            (no amulet)
rElec   .            m - ring of flight
rCorr   .            q - ring of see invisible
SInv    +            (no ring)
Will    .....        (no ring)
Stlth   +++          (no ring)
HPRegen 0.24/turn    (no ring)
MPRegen 0.09/turn    (no ring)
                     (no ring)

%: no passive effects
@: beast-form, flying
A: beast (slay +2), almost no armour, amphibious, 8 rings, camouflage 1,
gelatinous body 1, (nimble swimmer 1), tentacles
a: Begin Untransformation


You were on level 4 of the Dungeon.
You were a hulking beast.
You visited 1 branch of the dungeon, and saw 4 of its levels.

You collected 142 gold pieces.

Inventory:

Hand Weapons
 n - a +0 sling
Armour
 g - a +0 pair of gloves
 k - a +0 helmet
Jewellery
 m - a ring of flight (left tentacle)
 q - a ring of see invisible (right tentacle)
Talismans
 b - a beast talisman (active)
 c - a flux talisman
Scrolls
 e - 4 scrolls of identify
 f - a scroll of noise {unknown}
 h - a scroll of vulnerability {unknown}
 i - a scroll of enchant weapon {unknown}
 j - a scroll of enchant armour {unknown}
 o - 3 scrolls of teleportation {unknown}
 r - a scroll of fog {unknown}
 s - a scroll of blinking {unknown}
 t - a scroll of immolation {unknown}
Potions
 a - a potion of lignification
 d - 2 potions of degeneration {unknown}
 l - a potion of invisibility
 p - a potion of heal wounds {unknown}


   Skills:
 + Level 1.0 Fighting
 + Level 2.2 Dodging
 + Level 2.9 Stealth
 + Level 3.7 Unarmed Combat
 + Level 3.8 Shapeshifting


You had 3 spell levels left.
You didn't know any spells.
Your spell library was empty.

Dungeon Overview and Level Annotations

Branches:
Dungeon (4/15)
 Temple: D:4-7

Altars:
Makhleb

Annotations:
D:4 3 runed translucent doors, Azoth's ghost, amateur OpSh; Edmund


Innate Abilities, Weirdness & Mutations

You are a hulking beast.
Your limbs bulge with bestial killing power. (Slay +2)
You cannot wear most types of armour.
You are amphibious.
You can wear up to eight rings at the same time.
Your skin changes colour to match your surroundings (Stealth+).
Your rubbery body absorbs attacks. (AC +1, EV +1)
((You are camouflaged when in or above water. (Stealth+)))
You have tentacles for arms and can constrict up to eight enemies at once.


Message History

There is an open door here.
A hobgoblin comes into view.
No reachable target in view!
No reachable target in view!
No reachable target in view!
A hobgoblin is nearby!
No reachable target in view!
No reachable target in view!
The hobgoblin barely misses you.
You bludgeon the hobgoblin!
You kill the hobgoblin!
No target in view!
No target in view!
You see here a hobgoblin corpse.
Edmund the Younger comes into view.
He is wielding a +0 flail of holy wrath and wearing a +2 scale mail of cold resistance.
You see here a +0 dagger of venom.
The helpless Edmund fails to defend himself.
You tentacle-slap Edmund. Your grab misses Edmund.
Edmund is lightly wounded.
Edmund hits you with a +0 flail of holy wrath!
You barely miss Edmund. Your grab misses Edmund. You squeeze Edmund.
Edmund is lightly wounded.
Edmund hits you with a +0 flail of holy wrath!
You are too injured to fight recklessly!
You are too injured to fight recklessly!
You are too injured to fight recklessly!
You tentacle-slap Edmund but do no damage.
You grab Edmund.
Edmund is lightly wounded.
You constrict Edmund, but do no damage.
Edmund hits you with a +0 flail of holy wrath.
You tentacle-slap Edmund.
Edmund is moderately wounded.
You constrict Edmund, but do no damage. Edmund hits you but does no damage.
You tentacle-slap Edmund.
Edmund is heavily wounded.
You constrict Edmund.
Edmund hits you with a +0 flail of holy wrath!
You die...
Edmund whines, "They better pay attention to me now!"

###....##..
#.#.##..#.#
#..##.#..#
###....# ..
#..##.#..#
#.)#.##..#
###....##..
#.#.##..#.#
#.h##.#..#
##@...# .
.##.#..# ..
##..# ###
##


You could see Edmund.

Vanquished Creatures
  A bombardier beetle (D:3)
  2 adders
  A ribbon worm (D:3)
  4 orcs (D:4)
  2 bats
  3 endoplasms (D:1)
  3 giant cockroaches
  3 goblins
  5 hobgoblins
  4 kobolds (D:2)
  2 quokkas
  4 ball pythons
  2 frilled lizards
  4 rats
40 creatures vanquished.

Notes
Turn   | Place    | Note
-------+----------+-------------------------------------------
     0 | D:1      | CraigForest the Octopode Shapeshifter began the quest for
                  | the Orb.
     0 | D:1      | Reached XP level 1. HP: 13/13 MP: 1/1
   243 | D:1      | Reached XP level 2. HP: 17/18 MP: 2/2
   286 | D:1      | Reached skill level 1 in Stealth
  1035 | D:2      | Reached XP level 3. HP: 16/23 MP: 3/3
  1434 | D:3      | Reached XP level 4. HP: 28/28 MP: 4/4
  1916 | D:3      | Found a burning altar of Makhleb.
  2028 | D:4      | Found a runed translucent gate.
  2028 | D:4      | Found a runed translucent gate.
  2030 | D:4      | Found a runed translucent gate.
  2031 | D:4      | Noticed a centaur
  2037 | D:4      | Noticed Azoth's ghost (amateur OpSh)
  2199 | D:4      | Noticed Edmund
  2208 | D:4      | Slain by Edmund

Illustrated notes

Levels and vault maps discovered:
D:1:      zaba_arrival_water, layout_basic, minmay_box_of_dots
D:2:      layout_rooms
D:3:      layout_loops_cross, lemuel_tele_altar
D:4:      layout_gridville, gammafunk_ghost_split, nicolae_eternal_life,
          uniq_edmund, uniq_sigmund, uniq_duvessa, uniq_pikel

Skill      XL: |  1  2  3 |
---------------+----------+-----
Stealth        | 1 2 |  2.9
Fighting       | |  1.0
Dodging        | |  2.2
Unarmed Combat | |  3.7
Shapeshifting  | |  3.8

Action                     |  1- 3 |  4- 6 || total
---------------------------+-------+-------++-------
  Melee: Unarmed           |    49 |    31 ||    80
         Tentacles         |     8 |     6 ||    14
         Constrict         |     6 |     8 ||    14
         Punch             |       |     2 ||     2
    Use: Scroll            |     1 |       ||     1
   Stab: Sleeping          |     9 |     4 ||    13
 Armour: Skin              |    11 |    13 ||    24
  Dodge: Dodged            |    20 |    12 ||    32
   Form: Beast             |     1 |       ||     1

Table legend: (Time is in decaauts)
 A = Elapsed time spent in this place.
 B = Non-inter-level travel time spent in this place.
 C = Inter-level travel time spent in this place.
 D = Time resting spent in this place.
 E = Time spent auto-exploring this place.
 F = Levels seen in this place.
 G = Mean time per level.
                   A        B        C        D        E       F      G
               +--------+--------+--------+--------+--------+-----+--------+
         Total |   2202 |   2171 |     31 |      0 |   1815 |   4 |  550.5 |
       Dungeon |   2202 |   2171 |     31 |      0 |   1815 |   4 |  550.5 |
               +--------+--------+--------+--------+--------+-----+--------+

Top non-repeatable levels by time:
     D:1: 866 daAuts
     D:3: 700 daAuts
     D:2: 434 daAuts
     D:4: 201 daAuts
